 Dungeon Crawl Stone Soup version 0.18-a0-888-g17a9b31 (webtiles) character file.

401 Jmtri7 the Covered (level 6, -1/43 HPs)
             Began as a Lacertilian Fighter on Jan 1, 2016.
             Was an Initiate of Gozag.
             Slain by a rat (3 damage)
             ... in a sewer.
             The game lasted 00:11:50 (2306 turns).

Jmtri7 the Covered (Lacertilian Fighter)            Turns: 2306, Time: 00:11:51

Health: -1/43      AC:  9    Str: 22    XL:     6   Next: 85%
Magic:  5/5        EV: 10    Int:  8    God:    Gozag
Gold:   398        SH: 10    Dex: 15    Spells: 0 memorised, 5 levels left

rFire  . . .     SeeInvis .     e - +3 whip
rCold  . . .     Gourm    .     f - +2 leather armour {rPois}
rNeg   . . .     Faith    +     c - +0 shield
rPois  +         Spirit   .     j - +0 helmet
rElec  .         Dismiss  .     (no cloak)
rCorr  .         Reflect  .     (no gloves)
SustAt .         Harm     .     (no boots)
MR     .....                    (no amulet)
Stlth  ++........               (no ring)
                                (no ring)

@: mighty, not resistant to hostile enchantments, unstealthy
A: faith, no wrath for changing religions, slimy green scales 2, camouflage 1,
cold-blooded
a: Potion Petition, Call Merchant, Bribe Branch, Renounce Religion


You were in a sewer.
You worshipped Gozag.
Gozag was noncommittal.
You were near starving.

You visited 1 branch of the dungeon, and saw 4 of its levels.
You also visited: Sewer.

You collected 414 gold pieces.
You paid 16 gold pieces to Gozag.

Inventory:

Hand Weapons
 e - a +3 whip (weapon)
Armour
 b - a +0 scale mail
 c - a +0 shield (worn)
 f - a +2 leather armour of poison resistance (worn)
 j - a +0 helmet (worn)
Magical Staves
 q - an uncursed staff of wizardry {unknown}
Scrolls
 a - 4 scrolls of remove curse {unknown}
 g - 3 scrolls of random uselessness {unknown}
 i - 2 scrolls of teleportation {unknown}
 k - 2 scrolls of enchant armour {unknown}
 l - 3 scrolls of recharging {unknown}
 p - a scroll of amnesia {unknown}
 t - a scroll of identify {unknown}
Potions
 d - a potion of might
 h - 2 potions of curing {unknown}
 r - a potion of haste {unknown}
 s - 2 potions of brilliance {unknown}
 u - a potion of heal wounds {unknown}
 v - a potion of agility {unknown}
Comestibles
 m - a beef jerky
 n - a royal jelly
 o - 2 meat rations


   Skills:
 * Level 4.2 Fighting
   Level 1.5 Polearms
 + Level 4.4 Armour
 + Level 2.5 Dodging
 + Level 4.3 Shields


You had 5 spell levels left.
You didn't know any spells.

Dungeon Overview and Level Annotations

Branches:
Dungeon (4/15)
 Temple: D:4-7

Altars:
Ashenzari
Cheibriados
Elyvilon
Gozag
Nemelex Xobeh
Ru


Innate Abilities, Weirdness & Mutations

You have a strong connection with the divine.
You may change religions without incurring divine wrath.
You are mostly covered in slimy green scales (AC +3).
Your skin changes colour to match your surroundings (Stealth).
You are cold-blooded and may be slowed by cold attacks.


Message History

You hit the river rat but do no damage.
Your tail-slap misses the river rat.
The river rat is almost dead.
The river rat bites you but does no damage.
The river rat bites you!
* * * LOW HITPOINT WARNING * * *
You block the rat's attack. x2
The rat bites you but does no damage.
You closely miss the river rat.
The river rat is almost dead.
The river rat barely misses you.
The river rat bites you but does no damage.
You block the rat's attack. x2
The rat closely misses you. The river rat bites you.
* * * LOW HITPOINT WARNING * * *
You feel very mighty all of a sudden.
You are near starving!
You block the river rat's attack. You block the rat's attack.
You block the rat's attack. The rat bites you.
You die...
Your body crumbles into a pile of gold.

### #### #..# ###... ....####....
.# .......... ... #.......## ....
##........##....
..##....rrr........
..≈≈.....r@r...≈≈.≈#
≈≈≈≈≈≈≈≈≈≈≈....$...≈≈≈≈≈≈≈≈≈≈≈≈≈≈
≈≈≈≈≈≈≈≈≈≈≈≈≈≈≈≈≈≈≈≈≈≈≈≈≈≈≈≈≈≈≈≈≈
≈≈≈≈≈≈≈≈≈≈≈≈≈≈≈≈≈≈≈≈≈≈≈≈≈≈≈≈≈≈≈≈≈
≈≈≈≈≈≈≈≈≈≈≈≈≈.....≈≈≈≈≈≈≈≈≈≈≈≈≈≈≈
≈≈≈≈≈≈≈≈≈≈≈≈.....≈≈≈≈≈≈≈≈≈≈≈≈≈≈≈≈
≈≈≈≈≈.≈≈≈..........≈..≈.≈≈..≈≈≈≈≈
.≈...........................≈≈≈≈
.................................


You could see 2 river rats and 3 rats.

Vanquished Creatures
  A centaur (D:3)
  The ghost of Jmtri7 the Charlatan, an amateur LaAr (D:4)
  A hound (D:4)
  An iguana (D:4)
  Jessica (D:2)
  3 adders
  4 gnolls
  2 river rats (Sewer)
  An ooze (D:4)
  5 worms
  2 orcs
  A ball python (Sewer)
  7 giant cockroaches
  4 hobgoblins
  2 bats
  4 giant geckos
  A giant newt (D:1)
  A goblin (D:1)
  12 kobolds
  16 rats
70 creatures vanquished.

Notes
Turn   | Place    | Note
--------------------------------------------------------------
     0 | D:1      | Jmtri7 the Lacertilian Fighter began the quest for the Orb.
     0 | D:1      | Reached XP level 1. HP: 15/15 MP: 0/0
    45 | D:1      | Reached XP level 2. HP: 13/20 MP: 1/1
   206 | D:1      | Reached skill level 1 in Dodging
   279 | D:1      | Reached XP level 3. HP: 25/25 MP: 2/2
   305 | D:2      | Found a sparkling altar of Nemelex Xobeh.
   516 | D:2      | Found a snail-covered altar of Cheibriados.
   538 | D:2      | Found a sacrificial altar of Ru.
   590 | D:2      | Became a worshipper of Cheibriados the Contemplative
   653 | D:2      | Found an opulent altar of Gozag.
   657 | D:2      | Noticed Jessica
   670 | D:2      | Killed Jessica
   670 | D:2      | Reached XP level 4. HP: 5/31 MP: 3/3
   675 | D:2      | Fell from the grace of Cheibriados
   675 | D:2      | Became a worshipper of Gozag Ym Sagoz the Greedy
   785 | D:3      | Noticed a centaur
   808 | D:3      | Killed a centaur
   808 | D:3      | Reached XP level 5. HP: 5/36 MP: 4/4
  1023 | D:3      | Found a white marble altar of Elyvilon.
  1120 | D:3      | Found a shattered altar of Ashenzari.
  1188 | D:3      | Reached skill level 4 in Armour
  1454 | D:4      | Reached XP level 6. HP: 34/43 MP: 5/5
  1467 | D:4      | Noticed Jmtri7's ghost (amateur LaAr)
  1491 | D:4      | Killed Jmtri7's ghost
  1816 | D:4      | Found a glowing drain.
  1820 | Sewer    | Entered a sewer
  2305 | Sewer    | HP: 2/43 [river rat (6)]
  2306 | Sewer    | Slain by a rat

Vault maps used:
D:1:      co_arrival_random_square_maze
D:2:      cheibriados_altar_1, overflow_temple_1_default, lemuel_round_altar,
          minmay_misc_feat_secret_circle, kennysheep_cross_bottleneck,
          nicolae_ru_sacrificial_ziggurat, uniq_jessica
D:3:      okawaru_altar_gauntlet_db, marbit_many_paths, ashenzari_altar_1
D:4:      kennysheep_mini, gup_sewer_entry_spiral
Sewer:    sewer_minmay_treatment

Action                   |  1- 3 |  4- 6 || total
-------------------------+-------+-------++-------
Melee: Trident           |    11 |       ||    11
       Whip              |    64 |   224 ||   288
Invok: Potion Petition   |       |     1 ||     1
  Use: Potion            |       |     1 ||     1
 Stab: Sleeping          |       |     1 ||     1
  Eat: Bread ration      |       |     1 ||     1
